 Dungeon Crawl Stone Soup version bcrawl-1.12-11-gb93c957c58 (console) character file.

Game seed: 3935157060726361091

2923 Lexodia the Carver (level 9, -3/57 HPs)
             Began as a Centaur Archaeologist on July 3, 2019.
             Was a Priest of the Shining One.
             Killed from afar by an electric eel (15 damage)
             ... with a bolt of electricity
             ... on level 7 of the Dungeon.
             The game lasted 00:11:59 (5494 turns).

Lexodia the Carver (Centaur Archaeologist)          Turns: 5494, Time: 00:11:59

Health: -3/57      AC: 14    Str: 14    XL:     9   Next: 50%
Magic:  9/9        EV: 13    Int: 13    God:    the Shining One [***...]
Gold:   604        SH:  7    Dex: 14    Spells: 8/8 levels left

rFire    . . .     SeeInvis .   f - +10 sword of Jihad {holy, *Rage rN+ EV+3}
rCold    . . .     Gourm    .   (no shield)
rNeg     + + .     Faith    .   a - +1 robe
rPois    .         Spirit   .   b - +1 hat
rElec    .         Reflect  .   (no cloak)
rCorr    .         Harm     .   d - +2 pair of gloves
MR       .....     Rnd*Rage +   (no barding)
Stlth    +.........             (no amulet)
HPRegen  0.19/turn              h - +3 ring of protection
MPRegen  0.11/turn              r - +3 ring of dexterity

@: glowing, very quick
A: large, hooves 3, large bone plates 1, thin metallic scales 1, deformed body,
speed 2, frail 1, tough skin 3
a: Divine Shield, Renounce Religion


You were on level 7 of the Dungeon.
You worshipped the Shining One.
The Shining One was most pleased with you.
You were not hungry.

You visited 1 branch of the dungeon, and saw 7 of its levels.
You also visited: Ossuary.

You collected 604 gold pieces.

Inventory:

Hand Weapons
 f - the +10 sword of Jihad (weapon) {holy, *Rage rN+ EV+3}

   It has been blessed by the Shining One to cause great damage to the undead
   and demons.
   It affects your evasion (+3).
   It protects you from negative energy.
   It may make you go berserk in combat.
Missiles
 p - 644 arrows
Armour
 a - a +1 robe (worn)
 b - a +1 hat (worn)
 c - a +1 robe
 d - a +2 pair of gloves (worn)
Jewellery
 h - a +3 ring of protection (left hand)
 j - an uncursed ring of magical power
 l - an uncursed ring of attention
 n - an uncursed ring of resist corrosion
 r - a +3 ring of dexterity (right hand)
 s - a +5 ring of evasion {unknown}
 v - an uncursed ring of see invisible
Wands
 y - a wand of enslavement (7)
 A - a wand of digging (9)
Scrolls
 i - 3 scrolls of enchant weapon
 t - 3 scrolls of blinking
 u - 2 scrolls of remove curse
 z - a scroll of amnesia
 B - a scroll of immolation {unknown}
 D - 2 scrolls of noise {unknown}
 E - a scroll of magic mapping {unknown}
 G - 2 scrolls of teleportation {unknown}
Potions
 e - 2 potions of flight
 k - a potion of magic
 m - 2 potions of mutation
 o - 2 potions of agility
 q - a potion of brilliance
 w - a potion of resistance
 x - a potion of curing
 F - a potion of heal wounds
 H - 3 potions of haste
 I - a potion of might {unknown}
Comestibles
 g - 10 rations {!d}


   Skills:
 + Level 1.4 Fighting
 - Level 12.1 Long Blades
 + Level 0.4 Armour
 + Level 2.3 Dodging
 - Level 2.0 Stealth
 - Level 2.7 Unarmed Combat


You had 8 spell levels left.
You didn't know any spells.
Your spell library was empty.

Dungeon Overview and Level Annotations

Branches:
Dungeon (7/12)             Temple (0/1) D:4
   Lair: D:7-10

Altars:
Dithmenos
Nemelex Xobeh
Ru
Zin
The Shining One

Shops:
D:5 [


Innate Abilities, Weirdness & Mutations

You have hooves in place of feet.
Armour fits poorly on your strangely shaped body.
You cover ground very quickly.
You have extremely tough skin. (AC +3)
You are partially covered in large bone plates. (SH +4)
You are partially covered in thin metallic scales. (AC +2)
You are frail. (-10% HP)


Message History

You are too injured to fight recklessly!
You are too injured to fight recklessly!
You are too injured to fight recklessly!
You are too injured to fight recklessly!
You slash the howler monkey! You kick the howler monkey.
You kill the howler monkey!
A howler monkey comes into view.
The electric eel shoots out a bolt of lightning at you!
The bolt of electricity hits you! x2
* * * LOW HITPOINT WARNING * * *
The howler monkey howls!
You slash the howler monkey!
The howler monkey is severely wounded.
You slash the howler monkey!
You kill the howler monkey!
The electric eel shoots out a bolt of lightning at you!
The bolt of electricity hits you!
* * * LOW HITPOINT WARNING * * *
The bolt of electricity hits you!
You die...

#.#..#.# .....>.. .##
#.##h#.# # #.......
#.##.#.#.# ).......#
#.##.#.#.###. ........#
#....#.......
).......####....#...###.
.............[..@†......
.##..##.#...###≈.†J###..
......#.#..#...#≈≈#...#
.##...#.#..#.⌠.#≈≈# ⌠.#
.##.#......#...#≈≈# .#
.##.#.#)#...###≈≈≈; ..
..............≈≈≈≈≈≈ .
.##.##..#.....≈≈≈≈≈≈.
.##.##..#...###≈≈≈≈


You could see a howler monkey, a jelly and an electric eel.

Vanquished Creatures
  A two-headed ogre (D:6)
  A deep elf mage (D:6)
  A troll (D:7)
  Prince Ribbit (D:6)
  2 hungry ghosts
  An orc warrior (D:6)
  An ogre (D:6)
  A centaur (D:5)
  Blork the orc (D:5)
  A scorpion (D:6)
  3 howler monkeys (D:7)
  A crimson imp (D:5)
  A bullfrog zombie (D:5)
  An orc priest (D:6)
  A hound (D:6)
  A jelly (D:6)
  4 orc wizards
  2 iguanas (D:6)
  3 worker ants
  8 mummies (Ossuary)
  A worker ant zombie (D:7)
  4 adders
  2 oozes (D:2)
  6 worms
  A dart slug (D:3)
  8 leopard geckos
  23 orcs
  2 ball pythons
  3 bats
  A giant cockroach (D:1)
  A gnoll zombie (Ossuary)
  10 goblins
  7 hobgoblins
  6 jackals
  7 kobolds
  2 quokkas
  15 frilled lizards (D:1)
  4 hobgoblin zombies (Ossuary)
  A jackal zombie (D:5)
  3 orc zombies (Ossuary)
  4 rats
147 creatures vanquished.

Notes
Turn   | Place    | Note
-------+----------+-------------------------------------------
     0 | D:1      | Lexodia the Centaur Archaeologist began the quest for the
                  | Orb.
     0 | D:1      | Reached XP level 1. HP: 16/16 MP: 1/1
    69 | D:1      | Reached skill level 1 in Unarmed Combat
   108 | D:1      | Reached XP level 2. HP: 23/23 MP: 2/2
   305 | D:1      | Reached XP level 3. HP: 15/28 MP: 3/3
   571 | D:2      | Reached skill level 1 in Long Blades
   742 | D:2      | Found a glowing golden altar of the Shining One.
   799 | D:2      | Became a worshipper of the Shining One
  1108 | D:2      | Reached skill level 3 in Long Blades
  1108 | D:2      | Reached XP level 4. HP: 24/35 MP: 4/4
  1124 | D:2      | Reached skill level 4 in Long Blades
  1729 | D:3      | Found a shadowy altar of Dithmenos.
  1786 | D:3      | Reached XP level 5. HP: 32/40 MP: 5/5
  1800 | D:3      | Reached skill level 5 in Long Blades
  2060 | D:3      | Found a glowing silver altar of Zin.
  2359 | D:3      | Gained mutation: You are frail. (-10% HP) [potion of
                  | mutation]
  2359 | D:3      | Gained mutation: You are partially covered in thin metallic
                  | scales. (AC +2) [potion of mutation]
  2359 | D:3      | Gained mutation: You are partially covered in large bone
                  | plates. (SH +4) [potion of mutation]
  2738 | D:3      | Reached skill level 6 in Long Blades
  3196 | D:4      | Noticed an ogre
  3197 | D:4      | Noticed a hungry ghost
  3506 | D:4      | Found a staircase to the Ecumenical Temple.
  3520 | D:5      | Entered Level 5 of the Dungeon
  3525 | D:5      | Noticed a centaur
  3539 | D:5      | Killed a centaur
  3539 | D:5      | Reached XP level 6. HP: 21/42 MP: 6/6
  3679 | D:5      | Reached * piety under the Shining One
  3684 | D:5      | Reached skill level 7 in Long Blades
  3791 | D:5      | Found Epleny's Antique Armour Shop.
  3812 | D:5      | Found a sacrificial altar of Ru.
  4078 | D:5      | Found a sparkling altar of Nemelex Xobeh.
  4123 | D:5      | Noticed Blork the orc
  4129 | D:5      | Killed Blork the orc
  4129 | D:5      | Reached XP level 7. HP: 46/46 MP: 7/7
  4214 | D:6      | Reached skill level 8 in Long Blades
  4399 | D:6      | Noticed a deep elf mage
  4404 | D:6      | Killed a deep elf mage
  4404 | D:6      | Reached skill level 9 in Long Blades
  4404 | D:6      | Reached XP level 8. HP: 52/53 MP: 8/8
  4458 | D:6      | Noticed Prince Ribbit
  4468 | D:6      | Killed Prince Ribbit
  4495 | D:6      | Reached skill level 10 in Long Blades
  4759 | D:6      | Noticed a two-headed ogre
  4765 | D:6      | Killed a two-headed ogre
  4765 | D:6      | Reached skill level 11 in Long Blades
  4765 | D:6      | Reached XP level 9. HP: 57/57 MP: 9/9
  4963 | D:6      | Found a sand-covered staircase.
  4968 | Ossuary  | Entered an ossuary
  4977 | Ossuary  | Reached ** piety under the Shining One
  5471 | D:7      | Noticed a troll
  5477 | D:7      | Killed a troll
  5477 | D:7      | Reached skill level 12 in Long Blades
  5485 | D:7      | Reached *** piety under the Shining One
  5494 | D:7      | Killed from afar by an electric eel

Skill      XL: |  1  2  3  4  5  6  7  8  9 |
---------------+----------------------------+-----
Unarmed Combat | 1 2 |  2.7
Long Blades    | 3 4 6 7 9 11 12 | 12.1
Fighting       | |  1.4
Armour         | |  0.4
Dodging        | |  2.3
Stealth        | |  2.0

Action                   |  1- 3 |  4- 6 |  7- 9 || total
-------------------------+-------+-------+-------++-------
Melee: Unarmed           |   140 |   212 |       ||   352
       Kick              |    17 |    58 |    17 ||    92
       Punch             |       |     1 |     1 ||     2
       Eudemon blade     |       |    20 |    91 ||   111
  Use: Potion            |     4 |     2 |       ||     6
       Scroll            |       |     2 |     8 ||    10
 Stab: Sleeping          |     2 |       |       ||     2
  Eat: Chunk             |       |     8 |     4 ||    12
Armor: Robe              |    75 |    77 |    10 ||   162
Dodge: Dodged            |    89 |    86 |    20 ||   195
Block: Other             |       |    14 |    20 ||    34
